|
||||||||||||||||||||||||||||||||||||||||||||||||||||||||||||||||||||||||||||||||||||||||||||||||||||||||||||||||||||||||||||||||||||||||||||||||||||||||||||||||||
| ||||||||||||||||||||||||||||||||||||||||||||||||||||||||||||||||||||||||||||||||||||||||||||||||||||||||||||||||||||||||||||||||||||||||||||||||||||||||||||||||||
| Top of the 6th over - 0 runs, 1 hit, 0 errors, 0 left on base; Lansing 2 - Greenville 1 | ||||||||||||||||||||||||||||||||||||||||||||||||||||||||||||||||||||||||||||||||||||||||||||||||||||||||||||||||||||||||||||||||||||||||||||||||||||||||||||||||||
| BOTTOM OF THE 6TH | |
|---|---|
| Greenville Drive batting - Pitching for Lansing Lugnuts : RHP Bobby O'Connell | |
| Batting: RHB Larry Brocato |
0-0: Called Strike 0-1: Foul Ball, location: 2F 0-2: Ball 1-2: Ground out 4-3 (Groundball, 4, EV 101.9 MPH) |
| Batting: SHB Carter Cromsie |
0-0: Called Strike 0-1: Ball 1-1: Ball 2-1: SINGLE (Groundball, 34D, EV 104.4 MPH) |
| Batting: RHB Andy Garvin |
0-0: Ball 1-0: Ball 2-0: Foul Ball, location: 2F 2-1: Foul Ball, location: 2F 2-2: Ball 3-2: Foul Ball, location: 2F 3-2: DOUBLE (Line Drive, 7LM, EV 108.1 MPH) Carter Cromsie to third |
| Batting: SHB Greg Shaw |
0-0: Called Strike 0-1: DOUBLE (Line Drive, 89XD, EV 103.8 MPH) Carter Cromsie scores Andy Garvin scores |
| Batting: RHB Mike Batko |
0-0: Ball 1-0: Ball 2-0: Ground out U3 (Groundball, 34S, EV 85.6 MPH) Greg Shaw to third |
| Batting: RHB Joe Sandoval |
0-0: Foul Ball, location: 2F 0-1: Swinging Strike 0-2: Fly out, F9 (Flyball, 89M, EV 86.9 MPH) |
| Bottom of the 6th over - 2 runs, 3 hits, 0 errors, 1 left on base; Lansing 2 - Greenville 3 | |
| TOP OF THE 7TH | |
|---|---|
| Lansing Lugnuts batting - Pitching for Greenville Drive : LHP Kentaro Shimasaki | |
| Pinch Hitting: RHB Taylor Peavey |
0-0: Ball 1-0: SINGLE (Groundball, 34D, EV 93.8 MPH) |
| Batting: RHB Bryan Mattis |
0-0: Ball 1-0: Swinging Strike 1-1: Called Strike 1-2: Foul Ball, location: 2F 1-2: Ball 2-2: Strikes out swinging |
| Pinch Hitting: RHB Josh Swartzentruber |
0-0: Called Strike 0-1: Foul Ball, location: 2F 0-2: Ball 1-2: Ball 2-2: Foul Ball, location: 2F 2-2: Fly out, F7 (Line Drive, 7, EV 104.4 MPH) |
| Batting: RHB Tokuji Kawabata |
0-0: Swinging Strike 0-1: Ball 1-1: Swinging Strike 1-2: Strikes out swinging |
| Top of the 7th over - 0 runs, 1 hit, 0 errors, 1 left on base; Lansing 2 - Greenville 3 | |
| BOTTOM OF THE 7TH | |
|---|---|
| Greenville Drive batting - Pitching for Lansing Lugnuts : RHP Bobby O'Connell | |
| Now at 3B: Josh Swartzentruber | |
| Now in RF: Frank Nelson | |
| Batting: RHB Ted Emmerich |
0-0: Called Strike 0-1: Swinging Strike 0-2: Ball 1-2: Ball 2-2: Fly out, F8 (Line Drive, 8RD, EV 93.1 MPH) |
| Batting: LHB Nelis Geurts |
0-0: Called Strike 0-1: Ground out U3 (Groundball, 34S, EV 88.8 MPH) |
| Batting: RHB David Norum |
0-0: Swinging Strike 0-1: Ball 1-1: Ground out 4-3 (Groundball, 4, EV 96.9 MPH) |
| Bottom of the 7th over - 0 runs, 0 hits, 0 errors, 0 left on base; Lansing 2 - Greenville 3 | |
| TOP OF THE 8TH | |
|---|---|
| Lansing Lugnuts batting - Pitching for Greenville Drive : LHP Kentaro Shimasaki | |
| Pitching: RHP Juan Mejia | |
| Batting: RHB Frank Caulfield | 0-0: Ground out 6-3 (Groundball, 56S, EV 90.0 MPH) |
| Batting: RHB Brock Van Gilder |
0-0: Ball 1-0: Ball 2-0: Ball 3-0: Called Strike 3-1: Base on Balls |
| Batting: RHB Chris Martin |
0-0: Called Strike Brock Van Gilder steals 2nd base 0-1: Ball 1-1: Foul Ball, location: 2F 1-2: Foul Ball, location: 2F 1-2: Ball 2-2: Ball 3-2: Base on Balls |
| Batting: RHB Brian Manson |
0-0: Ball 1-0: Called Strike 1-1: Ball 2-1: Foul Ball, location: 2F 2-2: Grounds into double play, 5-4-3 (Groundball, 56, EV 101.9 MPH) |
| Top of the 8th over - 0 runs, 0 hits, 0 errors, 1 left on base; Lansing 2 - Greenville 3 | |
| BOTTOM OF THE 8TH | |
|---|---|
| Greenville Drive batting - Pitching for Lansing Lugnuts : RHP Bobby O'Connell | |
| Batting: RHB Larry Brocato |
0-0: Ball 1-0: Swinging Strike 1-1: Ball 2-1: Foul Ball, location: 2F 2-2: Ball 3-2: Base on Balls |
| Batting: SHB Carter Cromsie |
0-0: Ball 1-0: Called Strike Larry Brocato steals 2nd base 1-1: Fly out, F8 (Flyball, 78D, EV 93.8 MPH) |
| Batting: RHB Andy Garvin |
0-0: Ground out 4-3 (Groundball, 4M, EV 88.8 MPH) Larry Brocato to third |
| Batting: SHB Greg Shaw | 0-0: Fly out, F8 (Flyball, 8RXD, EV 101.2 MPH) |
| Bottom of the 8th over - 0 runs, 0 hits, 0 errors, 1 left on base; Lansing 2 - Greenville 3 | |
| TOP OF THE 9TH | |
|---|---|
| Lansing Lugnuts batting - Pitching for Greenville Drive : RHP Juan Mejia | |
| Pitching: RHP Roberto Morales | |
| Batting: RHB Dylan Phillips |
0-0: Ball 1-0: Ball 2-0: Ball 3-0: Base on Balls |
| Batting: LHB Frank Nelson |
0-0: Called Strike 0-1: Foul Ball, location: 2F 0-2: Strikes out swinging |
| Pinch Hitting: LHB Eddie Muniz |
0-0: Foul Ball, location: 2F 0-1: Swinging Strike 0-2: Ball 1-2: Strikes out swinging |
| Batting: RHB Josh Swartzentruber |
0-0: Swinging Strike 0-1: Called Strike Dylan Phillips steals 2nd base 0-2: Foul Ball, location: 2F 0-2: Ball 1-2: Ball 2-2: Foul Ball, location: 2F 2-2: Ball 3-2: Foul Ball, location: 2F 3-2: Foul Ball, location: 2F 3-2: Strikes out looking |
| Top of the 9th over - 0 runs, 0 hits, 0 errors, 1 left on base; Lansing 2 - Greenville 3 | |

| Tuesday, September 13th , 2022 - OOTP Baseball 23.7 Build 88 |